 Dungeon Crawl Stone Soup version 0.27.1-33-g824d729ab1 (webtiles) character file.

Game seed: 13956734226608303862

18979 therunes the Spear-Bearer (level 12, -4/64 HPs)
             Began as a Gargoyle Berserker on Dec 1, 2021.
             Was a High Priest of Trog.
             Slain by a five-headed hydra (12 damage)
             ... on level 1 of the Lair of Beasts.
             The game lasted 01:27:30 (16366 turns).

therunes the Spear-Bearer (Gargoyle Berserker)     Turns: 16366, Time: 01:27:30

Health: -4/64      AC: 29    Str: 32    XL:     12   Next: 64%
Magic:  12/12      EV: 10    Int:  8    God:    Trog [*****.]
Gold:   667        SH:  5    Dex:  9    Spells: 11/11 levels left

rFire    . . .     SeeInvis .   h - +4 trident
rCold    . . .     Faith    .   (no shield)
rNeg     + . .     Spirit   .   o - +0 plate armour
rPois    ∞         Reflect  +   v - +1 hat
rElec    +         Harm     .   p - +1 cloak
rCorr    +         Rampage  .   l - +0 pair of gloves
Will     .....                  y - +0 pair of boots
Stlth    ..........             c - amulet of reflection
HPRegen  0.20/turn              b - +6 ring of strength
MPRegen  0.13/turn              q - ring of resist corrosion

@: hasted, very quick
A: sickness immunity, AC +8, negative energy resistance 1, electricity
resistance, torment resistance 1, petrification resistance
a: Renounce Religion, Berserk, Trog's Hand, Brothers in Arms


You were on level 1 of the Lair of Beasts.
You worshipped Trog.
Trog was extremely pleased with you.
You visited 3 branches of the dungeon, and saw 14 of its levels.

You collected 667 gold pieces.

Inventory:

Hand Weapons
 h - a +4 trident (weapon)
Missiles
 k - 18 poisoned darts (quivered)
 m - 5 curare-tipped darts
Armour
 l - a +0 pair of gloves (worn)
 o - a +0 plate armour (worn)
 p - a +1 cloak (worn)
 v - a +1 hat (worn)
 y - a +0 pair of boots (worn)
Jewellery
 b - a +6 ring of strength (left hand)
 c - an amulet of reflection (around neck)
 q - a ring of resist corrosion (right hand)
 u - an amulet of regeneration
Wands
 r - a wand of flame (41)
Scrolls
 a - a scroll of holy word
 f - a scroll of fog
 j - 2 scrolls of identify
 s - 3 scrolls of enchant armour
 x - a scroll of acquirement
Potions
 d - 7 potions of curing
 e - 2 potions of lignification
 g - 2 potions of berserk rage
 t - a potion of magic
 w - a potion of flight
 z - a potion of resistance {unknown}


   Skills:
 - Level 3.2 Fighting
 - Level 4.2(10.1) Axes
 - Level 13.7(14.0) Polearms
 + Level 10.3 Armour
 + Level 7.9 Dodging


You had 11 spell levels left.
You didn't know any spells.
Your spell library was empty.

Dungeon Overview and Level Annotations

Branches:
Dungeon (12/15)            Temple (1/1) D:5            Lair (1/6) D:11
    Orc (0/2) D:11

Altars:
Ashenzari
Cheibriados
Dithmenos
Elyvilon
Fedhas
Gozag
Hepliaklqana
Kikubaaqudgha
Makhleb
Nemelex Xobeh
Okawaru
Qazlal
Ru
Sif Muna
Trog
Uskayaw
Vehumet
Wu Jian
Xom
Yredelemnul
Zin
The Shining One
Beogh

Shops:
D:3 *

Annotations:
D:8 3 runed translucent doors, exclusion: 3 doors, zeram's ghost, novice TrSu


Innate Abilities, Weirdness & Mutations

You are immune to sickness and miasma.
Your stone body is resilient. (AC +8)
You are immune to poison.
You resist negative energy. (rN+)
You are resistant to electric shocks. (rElec)
You are resistant to unholy torment.
You are immune to petrification.


Message History

The five-headed hydra bites you but does no damage. x2
The five-headed hydra barely misses you.
You block the five-headed hydra's attack.
The five-headed hydra closely misses you.
You hit the five-headed hydra.
The five-headed hydra is severely wounded.
A yak comes into view.
The five-headed hydra bites you but does no damage. x2
The five-headed hydra bites you!
The five-headed hydra barely misses you. x2
The yak bellows!
You hit the five-headed hydra.
The five-headed hydra is almost dead.
You barely miss the five-headed hydra.
The five-headed hydra is almost dead.
The five-headed hydra bites you.
The five-headed hydra barely misses you.
The five-headed hydra bites you but does no damage.
The five-headed hydra bites you.
* * * LOW HITPOINT WARNING * * *
The five-headed hydra bites you!
* * * LOW HITPOINT WARNING * * *
Found 20 gold pieces.
You block the five-headed hydra's attack.
The five-headed hydra bites you but does no damage. x2
The five-headed hydra bites you.
* * * LOW HITPOINT WARNING * * *
The five-headed hydra bites you but does no damage.
You see here 20 gold pieces.
You feel yourself speed up. The yak gores you but does no damage.
You block the five-headed hydra's attack.
The five-headed hydra bites you but does no damage.
The five-headed hydra barely misses you.
The five-headed hydra bites you but does no damage.
The five-headed hydra bites you.
* * * LOW HITPOINT WARNING * * *
The yak gores you but does no damage.
The five-headed hydra bites you but does no damage. x2
The five-headed hydra misses you. The five-headed hydra bites you!
You die...

#### ## ##..###
#####.### ?.../.##
##.....#P# .......#
##........## .......##
###..........#
...<....###.....@......#
........##......D.....##
..##Y...#.....F.Y$...##
.## ###.##.YY.Y......#
.# #...#......### ##
##...##....#.# ...#
#...###P..#### .....
#...# ##### .....###.Y.#


You could see a five-headed hydra, 4 yaks and a bullfrog.

Vanquished Creatures
  Gastronok (D:9)
  Snorg (D:10)
  A hydra (D:10)
  Erica (D:9)
  3 two-headed ogres
  A tengu warrior (D:10)
  3 death yaks (D:11)
  Pikel (D:7)
  An ugly thing (D:11)
  An unseen horror (D:11)
  2 komodo dragons
  5 trolls
  A hornet (D:10)
  Grinder (D:4)
  A shadow (D:11)
  A wraith (D:10)
  Sigmund (D:4)
  5 yaks
  Grum (D:10)
  Eustachio (D:5)
  A basilisk (D:11)
  Edmund (D:6)
  An acid dragon (D:10)
  Duvessa (D:6)
  A hornet zombie (D:8)
  4 orc warriors
  2 sky beasts
  A water moccasin (D:7)
  An ice beast (D:6)
  5 ogres
  4 wolves (D:10)
  5 centaurs
  3 kobold brigands
  Blork the orc (D:6)
  6 bullfrogs
  A scorpion (D:6)
  Dowan (D:6)
  A wyvern zombie (D:6)
  3 water moccasin skeletons
  7 wights
  11 killer bees
  2 howler monkeys (D:8)
  4 centaur zombies
  2 bullfrog zombies (D:5)
  A jelly (D:8)
  9 orc priests
  Crazy Yiuf (D:4)
  2 bullfrog skeletons (D:6)
  4 hounds
  Natasha (thrice) (D:4)
  10 orc wizards
  3 hell rats (D:11)
  A howler monkey zombie (D:10)
  5 adders
  3 river rats (D:11)
  A shadow imp (D:6)
  An ufetubus (D:4)
  An adder skeleton (D:3)
  2 worms
  2 dart slugs
  26 orcs
  5 ball pythons
  7 bats
  6 endoplasms
  3 giant cockroaches
  3 goblins
  7 hobgoblins
  3 jackals (D:1)
  6 quokkas
  28 kobolds
  8 rats
  A bush (D:4)
254 creatures vanquished.

Vanquished Creatures (others)
  A manticore (D:9)
  9 plants
10 creatures vanquished.

Grand Total: 264 creatures vanquished

Notes
Turn   | Place    | Note
-------+----------+-------------------------------------------
     0 | D:1      | therunes the Gargoyle Berserker began the quest for the
                  | Orb.
     0 | D:1      | Reached XP level 1. HP: 14/14 MP: 1/1
   259 | D:1      | Found a faded altar of an unknown god.
   288 | D:1      | Reached XP level 2. HP: 16/19 MP: 2/2
   882 | D:1      | Reached XP level 3. HP: 19/23 MP: 3/3
  1052 | D:1      | Reached ** piety under Trog
  2560 | D:4      | Reached skill level 1 in Polearms
  2560 | D:4      | Reached XP level 4. HP: 23/28 MP: 4/4
  2860 | D:3      | Found a bloodstained altar of Trog.
  2860 | D:3      | Found an opulent altar of Gozag.
  2874 | D:3      | Found a basalt altar of Yredelemnul.
  3020 | D:4      | Reached skill level 2 in Polearms
  3315 | D:3      | Found Ebrep's Assorted Antiques.
  3643 | D:4      | Reached XP level 5. HP: 29/32 MP: 5/5
  3702 | D:5      | Entered Level 5 of the Dungeon
  3702 | D:5      | Found a shadowy altar of Dithmenos.
  3717 | D:4      | Noticed Sigmund
  3755 | D:4      | Killed Sigmund
  3756 | D:4      | Reached skill level 4 in Polearms
  3756 | D:4      | Reached XP level 6. HP: 26/37 MP: 6/6
  3934 | D:4      | Noticed Natasha
  3955 | D:4      | Killed Natasha
  4017 | D:4      | Noticed Natasha
  4024 | D:4      | Killed Natasha
  4042 | D:4      | Noticed Natasha
  4051 | D:4      | Killed Natasha
  4121 | D:4      | Noticed Grinder
  4125 | D:4      | Paralysed by Grinder for 3 turns
  4131 | D:4      | Killed Grinder
  4132 | D:4      | Reached skill level 5 in Polearms
  4132 | D:4      | Reached XP level 7. HP: 41/41 MP: 7/7
  4297 | D:5      | Reached skill level 6 in Polearms
  4653 | D:4      | Found a runed translucent door.
  4654 | D:4      | Noticed Crazy Yiuf
  4661 | D:4      | Killed Crazy Yiuf
  4762 | D:5      | Found a staircase to the Ecumenical Temple.
  4842 | D:5      | Identified a scroll of acquirement
  4842 | D:5      | Acquired a +6 ring of strength
  4852 | D:5      | Noticed Eustachio
  4868 | D:5      | Killed Eustachio
  4869 | D:5      | Reached skill level 7 in Polearms
  4869 | D:5      | Reached XP level 8. HP: 46/46 MP: 8/8
  4964 | Temple   | Entered the Ecumenical Temple
  5313 | D:3      | You fall into a shaft and drop 2 floors!
  5416 | D:5      | Reached skill level 8 in Polearms
  6095 | D:5      | Reached skill level 9 in Polearms
  6111 | D:6      | Reached *** piety under Trog
  6991 | D:6      | Reached XP level 9. HP: 46/51 MP: 9/9
  7065 | D:6      | Reached skill level 10 in Polearms
  7194 | D:6      | Noticed Duvessa
  7211 | D:6      | Killed Duvessa
  7212 | D:6      | Noticed Dowan
  7224 | D:6      | Killed Dowan
  7247 | D:6      | Found a shimmering blue altar of Sif Muna.
  7336 | D:6      | Noticed Blork the orc
  7350 | D:6      | Killed Blork the orc
  7519 | D:6      | Noticed Edmund
  7530 | D:6      | Killed Edmund
  7675 | D:6      | Noticed a two-headed ogre
  7688 | D:6      | Killed a two-headed ogre
  7689 | D:6      | Reached skill level 11 in Polearms
  8024 | D:7      | Reached XP level 10. HP: 56/56 MP: 10/10
  8341 | D:7      | Reached skill level 12 in Polearms
  8504 | D:7      | Reached **** piety under Trog
  9142 | D:8      | Noticed Pikel
  9152 | D:7      | Killed Pikel
 10032 | D:8      | Found a runed translucent gate.
 10032 | D:8      | Found a runed translucent gate.
 10032 | D:8      | Found a runed translucent gate.
 10034 | D:8      | Noticed zeram's ghost (novice TrSu)
 10569 | D:9      | Noticed Gastronok
 10588 | D:9      | Killed Gastronok
 10589 | D:9      | Reached skill level 13 in Polearms
 10589 | D:9      | Reached skill level 5 in Armour
 10589 | D:9      | Reached XP level 11. HP: 34/60 MP: 11/11
 10796 | D:10     | Entered Level 10 of the Dungeon
 10995 | D:10     | Identified the +3 leather armour "Zamivvom" {rCorr}
 11267 | D:9      | Noticed a manticore
 11284 | D:9      | Killed a manticore
 11850 | D:9      | Noticed Erica
 12168 | D:9      | Killed Erica
 12986 | D:10     | Noticed Snorg
 13013 | D:10     | Killed Snorg
 13014 | D:10     | Reached skill level 5 in Dodging
 13186 | D:11     | Noticed a death yak
 13472 | D:11     | Noticed a death yak
 13482 | D:11     | Killed a death yak
 13493 | D:11     | Killed a death yak
 13842 | D:10     | Noticed Grum
 13852 | D:10     | Noticed a two-headed ogre
 13867 | D:10     | Reached XP level 12. HP: 56/64 MP: 12/12
 13891 | D:10     | Reached ***** piety under Trog
 13896 | D:10     | Killed Grum
 14196 | D:10     | Found a large runed translucent door.
 14239 | D:10     | Found a large runed translucent door.
 14252 | D:10     | Found a sacrificial altar of Ru.
 14252 | D:10     | Noticed a tengu warrior
 14286 | D:10     | Killed a tengu warrior
 14470 | D:10     | Found a sparkling altar of Nemelex Xobeh.
 14571 | D:10     | Killed a two-headed ogre
 14729 | D:10     | Noticed a two-headed ogre
 14737 | D:10     | Killed a two-headed ogre
 14883 | D:11     | Noticed an eight-headed hydra
 14899 | D:10     | Killed an eight-headed hydra
 15106 | D:11     | Found a staircase to the Orcish Mines.
 15133 | D:11     | Found a staircase to the Lair.
 15136 | D:11     | Noticed a death yak
 15172 | D:11     | Killed a death yak
 15546 | D:11     | Reached skill level 10 in Armour
 16216 | Lair:1   | Entered Level 1 of the Lair of Beasts
 16317 | Lair:1   | Noticed a five-headed hydra
 16366 | Lair:1   | Slain by a five-headed hydra

Illustrated notes

Levels and vault maps discovered:
D:1:      dpeg_arrival_shrine, layout_basic, ebering_ecumenical_altar_ruins
D:2:      layout_basic
D:3:      layout_loops_cross, nicolae_overflow_hidden_temple, serial_shops, shop
D:4:      layout_basic, uniq_natasha, uniq_grinder, uniq_sigmund,
          uniq_crazy_yiuf_cottage
D:5:      layout_gridville, grunt_dithmenos_smoke, minmay_temple_entry_glass,
          serial_bayou_pond_a, minmay_misc_feat_cross, uniq_eustachio
D:6:      layout_basic, lemuel_blue_sif_altar, uniq_blork_the_orc, uniq_edmund,
          uniq_duvessa
D:7:      layout_rooms, serial_corexii_hall, corexii_hall_statues_t,
          corexii_hall_statues_l, corexii_hall_statues_s,
          corexii_hall_statues_x, corexii_hall_statues_l,
          corexii_hall_statues_deadend, roderic_serpentine_path
D:8:      layout_gridville, biasface_ghost_orc_armoury, uniq_pikel
D:9:      layout_cave_pods, uniq_erica, uniq_gastronok
D:10:     layout_cave_pools, jmf_multi_god_temple2, uniq_grum, uniq_snorg
D:11:     layout_rooms, dpeg_lair_monsters, david_orc_3
D:12:     layout_gridville, uniq_nessos, uniq_azrael
Temple:   eino_wide_crystal_templ
Lair:1:   layout_cave_pods, nicolae_volcano_entry_hallway, serial_bayou_shore_b,
          grunt_megastairs_3

Skill      XL: |  1  2  3  4  5  6  7  8  9 10 11 12 |
---------------+-------------------------------------+-----
Axes           | 3 4 |  4.2
Polearms       | 1 2 4 5 7 9 11 13 | 13.7
Dodging        | 4 6 7 |  7.9
Armour         | 5 8 10 | 10.3
Fighting       | |  3.2

Action                   |  1- 3 |  4- 6 |  7- 9 | 10-12 || total
-------------------------+-------+-------+-------+-------++-------
Melee: Hand axe          |   120 |       |       |       ||   120
       Trident           |    10 |    81 |   303 |   792 ||  1186
Invok: Berserk           |     1 |     2 |     9 |     9 ||    21
  Use: Scroll            |       |       |     8 |    13 ||    21
       Potion            |       |       |     1 |     3 ||     4
Armor: Animal skin       |    41 |       |       |       ||    41
       Leather armour    |     1 |     1 |       |       ||     2
       Scale mail        |       |    17 |    25 |       ||    42
       Plate armour      |       |       |    60 |   452 ||   512
Dodge: Dodged            |    76 |    26 |    44 |   253 ||   399
Block: Other             |    16 |    12 |    36 |   150 ||   214
       Reflection        |       |       |     4 |    11 ||    15
